AoeStats
← MajorPansy

Golden Pit

507894500Analyzed
1v1 RM · 12d ago on Sep 20, 2026· 16m 11s· 2 players
Game mode
Random Map
Map size
Tiny (2 player)
Population
200
Speed
Normal
Resources
Standard
Victory
Conquest
Starting age
Dark Age
Ending age
Imperial Age
RankedLock teamsTeams togetherTeam positionsShared explorationLock speedFull tech treeHidden civsTurbo modeCheats
Victory
Defeat
🇺🇸 Slavs · United States
840
+17
🇹🇼 Poles · Taiwan
871
-17
MajorPansy
5:19 Loom
5:39 Loom
9:21 Loom
11:53 Feudal Age
13:13 Double-Bit Axe
16:02 Wheelbarrow
bill3709
9:37 Loom
12:01 Feudal Age
13:21 Double-Bit Axe
16:41 Castle Age
Connection lost

Rejoining the realm…

Still unreachable

The connection could not be restored.

Session expired

The server has moved on; the page needs a fresh start.